 Dungeon Crawl Stone Soup version 0.30.1-4-g462c640d31 (webtiles) character file.

Game seed: 17578702286336534100

50 Arctor the Ruffian (level 3, -5/29 HPs)
             Began as a Draconian Transmuter on Sept 7, 2023.
             Slain by Natasha (7 damage)
             ... on level 2 of the Dungeon.
             The game lasted 00:01:04 (1298 turns).

Arctor the Ruffian (Draconian Transmuter)           Turns: 1298, Time: 00:01:05

Health: -5/29      AC:  5    Str: 12    XL:     3   Next: 55%
Magic:  6/6        EV: 12    Int: 15    God:
Gold:   40         SH:  0    Dex: 11    Spells: 5/6 levels left

rFire   . .          .
                       - Unarmed
rCold   . . .        (no shield)
rNeg    . . .        (body armour unavailable)
rPois   .            (helmet restricted)
rElec   .            (no cloak)
rCorr   .            (no gloves)
SInv    .            (no boots)
Will    .....        (no amulet)
Stlth   +            (no ring)
HPRegen 0.24/turn    (no ring)
MPRegen 0.10/turn

%: no passive effects
@: flying, slowed, very slow
A: AC +5, unfitting armour, cold-blooded
a: no special abilities


You were on level 2 of the Dungeon.
You visited 1 branch of the dungeon, and saw 2 of its levels.

You collected 40 gold pieces.

Inventory:

Scrolls
 d - a scroll of fear {unknown}
 e - 3 scrolls of identify {unknown}
 f - 2 scrolls of teleportation {unknown}
Potions
 a - a potion of lignification
 c - a potion of haste {unknown}
 g - 3 potions of curing {unknown}


   Skills:
 + Level 1.9 Fighting
 + Level 2.2 Dodging
 + Level 3.3 Unarmed Combat
 + Level 2.3 Spellcasting
 + Level 2.5 Transmutations


You had 5 spell levels left.
You knew the following spells:

 Your Spells              Type           Power      Damage    Failure   Level
a - Beastly Appendage     Tmut           18%        N/A       8%          1

Your spell library contained the following spells:

 Spells                   Type           Power      Damage    Failure   Level
 Wereblood                Tmut           9%         N/A       12%         2
 Slow                     Hex            4%         N/A       22%         1
 Spider Form              Tmut/Pois      5%         N/A       36%         3
 Confusing Touch          Hex            1%         N/A       54%         3
 Vampiric Draining        Necr           1%         2d6       54%         3
 Ice Form                 Ice/Tmut       5%         N/A       77%         4


Dungeon Overview and Level Annotations

Branches:
Dungeon (2/15)

Altars:

Annotations:
D:2 Natasha


Innate Abilities, Weirdness & Mutations

Your plain brown scales are hard. (AC +5)
You cannot fit into any form of body armour.
You are cold-blooded and may be slowed by cold attacks.


Message History

Confirm with . or Enter, or press ? or * to list all spells.
You grow a pair of large bovine horns.
Your feet morph into talons.
Natasha growls.
The cerulean imp misses you. The rat bites you. The cerulean imp misses you. x2
The cerulean imp hits you from afar with a +2 spear.
Natasha claws you. The rat barely misses you.
The cerulean imp hits you from afar with a +2 spear.
Natasha mumbles some strange words.
The cerulean imp barely misses you.
Your transformation is almost over.
The cerulean imp hits you from afar with a +2 spear.
The rat closely misses you.
You see here an adder corpse.
You barely miss the rat. You claw the rat.
You kill the rat!
The cerulean imp hits you from afar with a +2 spear. x2
Natasha howls an incantation.
Natasha glows brightly for a moment.
The cerulean imp hits you from afar with a +2 spear.
The cerulean imp hits you but does no damage.
The cerulean imp closely misses you. The cerulean imp misses you.
You open the door.
Your horns disappear.
Your talons disappear.
The cerulean imp hits you from afar with a +2 spear.
* * * LOW HITPOINT WARNING * * *
The cerulean imp barely misses you.
The cerulean imp disappears in a puff of smoke!
Natasha casts a spell.
There is an open door here.
The cerulean imp disappears in a puff of smoke!
The cerulean imp hits you from afar with a +2 spear.
* * * LOW HITPOINT WARNING * * *
There's a creature in the doorway!
It was a potion of flight.
You feel very buoyant.
You fly up into the air.
The cerulean imp disappears in a puff of smoke!
Natasha claws you!
You die...

#.........# ..#
#.........# ..#
#.5..5....# #.#
#5####+#### #..
#h# #.# #.# .#
#.####.## #.#
... #.#.....#
#.# ..
#@h5.ยง..# #.#
.. ###.....# #.#
. #.....#
#.#.####
#.....###.#.....
+...........# #
#.....###.#.# #
####### #.#.####
#.#.....
#.######


You could see Natasha and a cerulean imp (summoned).

Vanquished Creatures
  2 adders (D:2)
  A dart slug (D:2)
  4 endoplasms
  2 giant cockroaches (D:1)
  3 goblins
  4 hobgoblins
  A kobold (D:1)
  A quokka (D:1)
  3 ball pythons
  3 bats (D:1)
  A frilled lizard (D:2)
  4 rats
29 creatures vanquished.

Notes
Turn   | Place    | Note
-------+----------+-------------------------------------------
     0 | D:1      | Arctor the Draconian Transmuter began the quest for the
                  | Orb.
     0 | D:1      | Reached XP level 1. HP: 16/16 MP: 3/3
   200 | D:1      | Reached XP level 2. HP: 23/23 MP: 3/5
  1017 | D:2      | Reached XP level 3. HP: 29/29 MP: 6/6
  1159 | D:2      | Found a faded altar of an unknown god.
  1282 | D:2      | Noticed Natasha
  1297 | D:2      | HP: 1/29 [cerulean imp/+2 spear[Natasha] (4)]
  1298 | D:2      | Slain by Natasha

Illustrated notes

Levels and vault maps discovered:
D:1:      dpeg_arrival_rooms_b, layout_basic, kennysheep_boxes
D:2:      layout_basic, shapermc_ecumenical_altar_notcrosses, serial_shops,
          shop, uniq_natasha

Skill      XL: |  1  2 |
---------------+-------+-----
Dodging        | 2 |  2.2
Fighting       | |  1.9
Unarmed Combat | |  3.3
Spellcasting   | |  2.3
Transmutations | |  2.5

Action                     || total
---------------------------++-------
  Melee: Unarmed           ||    78
         Kick              ||    17
         Tailslap          ||     7
         Headbutt          ||     2
   Cast: Beastly Appendage ||    23
    Use: Potion            ||     1
 Armour: Skin              ||    32
  Dodge: Dodged            ||    49
